 Dungeon Crawl Stone Soup version 0.27.1-33-g824d729ab1 (webtiles) character file.

Game seed: 8441145083133948518

40212 demibob the Brawler (level 13, -29/110 HPs)
             Began as a Troll Chaos Knight on Dec 18, 2021.
             Was a Plaything of Xom.
             Annihilated by a death yak (36 damage)
             ... on level 6 of the Lair of Beasts.
             The game lasted 00:30:39 (13542 turns).

demibob the Brawler (Troll Chaos Knight)           Turns: 13542, Time: 00:30:40

Health: -29/110    AC: 11    Str: 29    XL:     13   Next: 73%
Magic:  12/12      EV: 14    Int:  6    God:    Xom [..*...]
Gold:   1666       SH:  0    Dex: 13    Spells: 12/12 levels left

rFire    + . .     SeeInvis +     - Unarmed
rCold    + . .     Faith    .   (no shield)
rNeg     . . .     Spirit   .   a - +5 robe of Night {Dark Will+ SInv}
rPois    +         Reflect  .   A - +0 hat
rElec    .         Harm     .   (no cloak)
rCorr    .         Rampage  .   (gloves unavailable)
Will     +....                  (boots unavailable)
Stlth    +.........             (no amulet)
HPRegen  1.28/turn              S - +6 ring of strength
MPRegen  0.13/turn              F - ring of protection from fire

@: sleeping, studying 2 skills
A: large, unfitting armour, claws 3, regeneration 1, shaggy fur 1, tough skin 1,
talons 2, iridescent scales 1, cold resistance 1, dopey 1, mutation resistance
1, poison resistance, sturdy frame 1
a: Renounce Religion


You were on level 6 of the Lair of Beasts.
You worshipped Xom.
You were a toy of Xom.
You visited 2 branches of the dungeon, and saw 16 of its levels.
You also visited: Ossuary and Gauntlet.

You collected 1666 gold pieces.


Innate Abilities, Weirdness & Mutations

You are too large for most types of armour.
You have claws for hands.
Your natural rate of healing is unusually fast.
You are covered in fur. (AC +1)
You have tough skin. (AC +1)
You have razor-sharp toenails.
You are partially covered in iridescent scales. (AC +2)
Your flesh is cold resistant. (rC+)
You are dopey. (Int -2)
You are somewhat resistant to further mutation.
Your system is resistant to poisons. (rPois)
Your movements are slightly less encumbered by armour. (ER -2)


   Skills:
 + Level 2.6 Fighting
 + Level 11.4 Dodging
 + Level 16.2 Unarmed Combat
 - Level 11.0 Evocations


You had 12 spell levels left.
You didn't know any spells.
Your spell library contained the following spells:

 Spells                   Type           Power      Damage    Failure   Level
 Blink                    Tloc           N/A        N/A       58%         2
 Passwall                 Tmut/Erth      0%         N/A       58%         2
 Slow                     Hex            0%         N/A       58%         2
 Conjure Flame            Conj/Fire      0%         6-21      83%         3
 Gell's Gravitas          Tloc           0%         N/A       83%         3
 Ignite Poison            Fire/Tmut/Pois 0%         N/A       83%         3
 Lesser Beckoning         Tloc           0%         N/A       83%         3
 Spider Form              Tmut/Pois      0%         N/A       83%         3
 Teleport Other           Tloc           0%         N/A       83%         3
 Animate Armour           Summ/Erth      0%         N/A       99%         4
 Fulminant Prism          Conj/Hex       0%         3d6       99%         4
 Iskenderun's Mystic Bla  Conj/Tloc      0%         2d3       99%         4
 Sticky Flame             Conj/Fire      0%         2d3       99%         4
 Alistair's Intoxication  Tmut/Pois      0%         N/A       100%        5
 Blade Hands              Tmut           0%         N/A       100%        5
 Borgnjor's Vile Clutch   Necr/Erth      0%         N/A       100%        5
 Lee's Rapid Deconstruct  Erth           0%         3d5*      100%        5
 Manifold Assault         Tloc           0%         N/A       100%        5
 Yara's Violent Unravell  Hex/Tmut       0%         3d3       100%        5
 Dispersal                Tloc           0%         N/A       100%        6
 Iron Shot                Conj/Erth      0%         9d1       100%        6
 Borgnjor's Revivificati  Necr           0%         N/A       100%        8

Inventory:

Hand Weapons
 o - the +9 shortbow of Sajor {venom, rPois Will- Str+3}
   (You found it in a Gauntlet)

   Any ammunition fired from it poisons the flesh of those it strikes.
   Str:       It affects your strength (+3).
   rPois:     It protects you from poison.
   Will:      It decreases your willpower.
 E - a +3 scimitar of flaming
Missiles
 f - 48 poisoned darts
 h - 2 datura-tipped darts (quivered)
 t - 2 throwing nets {=f}
Armour
 a - the +5 robe of Night (worn) {Dark Will+ SInv}
   (You acquired it on level 4 of the Dungeon)

   It shrouds the wearer in darkness, reducing the range at which they can see
   and be seen by others.
   SInv:      It lets you see invisible.
   Will:      It increases your willpower.
 m - the +1 robe of the Game of Life {Rampage rElec Regen+ Int-2}
   (Xom gifted it to you on level 4 of the Dungeon)

   Int:       It affects your intelligence (-2).
   rElec:     It insulates you from electricity.
   Regen:     It increases your rate of health regeneration.
   Rampage:   It bestows one free step when moving towards enemies.
 A - a +0 hat (worn)
Magical Staves
 J - a staff of poison {!a}
Jewellery
 g - an amulet of the acrobat
 s - a +6 ring of strength
 B - an amulet of guardian spirit
 F - a ring of protection from fire (right claw)
 K - an amulet of regeneration
 M - a ring of magical power
 N - a ring of positive energy
 S - a +6 ring of strength (left claw)
 Z - a ring of wizardry
Wands
 e - a wand of flame (48)
 k - a wand of digging (4)
 v - a wand of iceblast (27)
 y - a wand of charming (5)
 z - a wand of polymorph (10)
 I - a wand of acid (11)
Scrolls
 d - 2 scrolls of enchant weapon
 p - a scroll of amnesia
 D - a scroll of holy word
 G - 3 scrolls of identify {@r1}
 H - a scroll of fog
Potions
 j - 3 potions of brilliance
 l - 2 potions of magic
 q - 4 potions of flight
 r - 2 potions of ambrosia
 u - 2 potions of attraction
 w - 2 potions of resistance
 x - 3 potions of cancellation
Miscellaneous
 i - a piece from Xom's chessboard (14/15)
 C - a phantom mirror

Dungeon Overview and Level Annotations

Branches:
Dungeon (10/15)            Temple (0/1) D:7            Lair (6/6) D:9
 Shoals (0/4) Lair:4       Spider (0/4) Lair:2        Slime (0/5) Lair:5
Ossuary (visited)         Gauntlet (visited)
    Orc: D:9-12

Altars:
Ashenzari
Dithmenos
Kikubaaqudgha
Nemelex Xobeh
Sif Muna
Xom
Zin
Jiyva

Shops:
D:2 [ D:9

* .......
##. .......
# ##...
.......
.#.....
....Y..
#.......
....YY.
##Y......
..YYY..
##.@.§....
...YY.(
#.YY§.....
.Y.Y.Y.
#.YYD.§...
.......
##Y.§.....
Y$.....
#.Y.......
.......
##.Y....Y##
#..........
##†#.......#
#§#........#


You could see 5 death yaks, a steam dragon and 4 dream sheep.


Message History

You kill the death yak!
You hear Xom's avuncular chuckle.
The water moccasin evaporates and reforms as a steam dragon!
You are now a toy of Xom.
Unknown command.
Unknown command.
Unknown command.
Blink to where?
Press: ? - help, Dir - move target
As you read the scroll of blinking, it crumbles to dust.
The dream sheep seems to regain its courage.
The steam dragon breathes steam at you. The ball of steam hits you. You resist.
* * * LOW HITPOINT WARNING * * *
Xom is amused.
You hear an angry hiss.
Okay, then.
The death yak is engulfed in a cloud of scalding steam.
Okay, then.
Okay, then.
Unknown command.
Okay, then.
Okay, then.
The dream sheep is engulfed in a cloud of scalding steam.
The death yak misses you.
The dream sheep shake their wool and sparkle.
You feel drowsy...
You fall asleep.
The death yak gores you!!!
You die...
Xom is highly amused!

Skill      XL: |  1  2  3  4  5  6  7  8  9 10 11 12 13 |
---------------+----------------------------------------+-----
Unarmed Combat | 4 5 7 9 10 12 13 14 15 16 | 16.2
Evocations     | 3 5 6 7 9 10 11 | 11.0
Dodging        | 6 9 11 | 11.4
Fighting       | |  2.6

Action                   |  1- 3 |  4- 6 |  7- 9 | 10-12 | 13-15 || total
-------------------------+-------+-------+-------+-------+-------++-------
Melee: Unarmed           |    88 |    65 |   325 |   455 |   194 ||  1127
       Punch             |     3 |     1 |     8 |    37 |    24 ||    73
       Headbutt          |       |       |    13 |       |       ||    13
       Kick              |       |       |     6 |   133 |    82 ||   221
Throw: Dart              |     2 |     7 |     5 |       |       ||    14
Evoke: Piece from Xom's  |       |       |     1 |       |     1 ||     2
       Wand              |       |       |     3 |    31 |     6 ||    40
       Phantom mirror    |       |       |       |     1 |       ||     1
  Use: Scroll            |     1 |       |    14 |    16 |     4 ||    35
       Potion            |     2 |       |     3 |     7 |     2 ||    14
 Stab: Sleeping          |     1 |       |     1 |       |     1 ||     3
       Confused          |       |       |     1 |       |       ||     1
       Paralysed         |       |       |       |     4 |     1 ||     5
       Invisible         |       |       |       |     2 |       ||     2
Armor: Robe              |    21 |    17 |    97 |   111 |    21 ||   267
       Skin              |       |       |       |    21 |       ||    21
Dodge: Dodged            |    42 |    24 |   166 |   231 |   109 ||   572

Levels and vault maps discovered:
D:1:      nicolae_arrival_washed_ashore, layout_rooms, serial_curves,
          eino_curves_02, eino_curves_04, kennysheep_small_spiral,
          minmay_pentomino_z2
D:2:      layout_loops_ring, serial_shops, shop
D:3:      layout_basic, ebering_ecumenical_altar_hall, feat_on_display,
          uniq_grinder, uniq_ijyb
D:4:      layout_gridville, zin_academy, kennysheep_mini, uniq_menkaure,
          uniq_pikel, uniq_eustachio
D:5:      layout_gridville, hellmonk_ghost_happy_afterlife,
          palyth_stone_intersect, uniq_blork_the_orc
D:6:      layout_rooms, lightli_ossuary_entry_decrepit_ruins
D:7:      layout_basic, minmay_temple_entry_glassed_door, minmay_quadrilaterals
D:8:      layout_loops_ring, mainiacjoe_overflow_catwalk_spiral
D:9:      layout_cave_pods, amethyst_overflow_temple_binary,
          erik_lair_orcish_takeover, minmay_shop_damaged
D:10:     layout_small_grid
Lair:1:   layout_gridlike, uniq_erica
Lair:2:   layout_layer_cave, spider_nest_entry_rubble,
          grunt_forest_large_clearings, grunt_megastairs_2
Lair:3:   layout_regular_city
Lair:4:   layout_regular_city, elwin_shoals_entry_rocks, minmay_holes,
          lemuel_fruit_fields
Lair:5:   layout_long_grid, dpeg_slime_entry_enclosed_altar,
          gauntlet_entry_generic, chequers_serial_rivers_micro_b,
          grunt_megastairs_1, lemuel_fruit_fields
Lair:6:   hangedman_lair_tendril_chambers, layout_cave_pods

Notes
Turn   | Place    | Note
-------+----------+-------------------------------------------
     0 | D:1      | demibob the Troll Chaos Knight began the quest for the Orb.
     0 | D:1      | Reached XP level 1. HP: 22/22 MP: 0/0
    56 | D:1      | XOM: silly message
   167 | D:1      | Reached XP level 2. HP: 26/29 MP: 1/1
   642 | D:2      | Reached skill level 4 in Unarmed Combat
   665 | D:2      | Found Nacagokket's Antique Armour Boutique.
   877 | D:2      | Reached XP level 3. HP: 33/36 MP: 2/2
  1214 | D:3      | Noticed Ijyb
  1215 | D:3      | XOM: cast spell 'Olgreb's Toxic Radiance'
  1231 | D:3      | XOM: smoke on damage
  1248 | D:3      | Killed Ijyb
  1249 | D:3      | Reached skill level 5 in Unarmed Combat
  1249 | D:3      | Reached XP level 4. HP: 43/44 MP: 3/3
  1388 | D:3      | Reached XP level 5. HP: 39/50 MP: 4/4
  1404 | D:3      | Noticed Grinder
  1410 | D:3      | Paralysed by Grinder for 3 turns
  1424 | D:3      | Killed Grinder
  1425 | D:3      | Reached skill level 7 in Unarmed Combat
  1425 | D:3      | Reached XP level 6. HP: 53/59 MP: 5/5
  1593 | D:3      | XOM: divination: detect items
  1609 | D:3      | XOM is BORED!
  1683 | D:3      | Found a faded altar of an unknown god.
  1712 | D:4      | Noticed Eustachio
  1722 | D:4      | Killed Eustachio
  1751 | D:4      | XOM: god gift: piece from Xom's chessboard (15/15)
  1775 | D:4      | XOM: noise
  1812 | D:4      | Reached XP level 7. HP: 46/66 MP: 6/6
  1840 | D:4      | XOM: potion effect (curing)
  1845 | D:4      | Reached skill level 8 in Unarmed Combat
  1856 | D:4      | Found a glowing silver altar of Zin.
  1880 | D:4      | Reached skill level 1 in Evocations
  2076 | D:4      | XOM: divination: detect creatures
  2094 | D:4      | XOM: give mutation
  2094 | D:4      | Gained mutation: Your movements are slightly less
                  | encumbered by armour. (ER -2) [Xom's mischief]
  2173 | D:4      | Noticed Menkaure
  2184 | D:4      | Killed Menkaure
  2220 | D:4      | Noticed Pikel
  2242 | D:4      | Killed Pikel
  2243 | D:4      | Reached skill level 9 in Unarmed Combat
  2243 | D:4      | Reached skill level 3 in Evocations
  2243 | D:4      | Reached XP level 8. HP: 61/74 MP: 7/7
  2420 | D:4      | Found an ancient bone altar of Kikubaaqudgha.
  2443 | D:4      | Identified the +1 robe of the Game of Life {Rampage rElec
                  | Regen+ Int-2} (Xom gifted it to you on level 4 of the
                  | Dungeon)
  2443 | D:4      | XOM: god gift: +1 robe of the Game of Life {Rampage rElec
                  | Regen+ Int-2}
  2489 | D:4      | XOM: give mutations
  2489 | D:4      | Gained mutation: You are somewhat resistant to further
                  | mutation. [Xom's grace]
  2489 | D:4      | Gained mutation: Your flesh is cold resistant. (rC+) [Xom's
                  | grace]
  2489 | D:4      | Gained mutation: You have a pair of small horns on your
                  | head. [Xom's grace]
  2489 | D:4      | Gained mutation: You are agile. (Dex +2) [Xom's grace]
  2547 | D:4      | Identified a scroll of acquirement
  2547 | D:4      | Acquired the +5 robe of Night {Dark Will+ SInv}
  2547 | D:4      | Found the +5 robe of Night {Dark Will+ SInv}
  2583 | D:5      | Entered Level 5 of the Dungeon
  2700 | D:5      | Noticed Blork the orc
  2708 | D:5      | Killed Blork the orc
  2870 | D:5      | XOM: summons 2 friendly demons
  2895 | D:5      | Reached skill level 4 in Evocations
  2954 | D:5      | XOM: summons 4 hostile demons
  3124 | D:5      | Noticed Argetlam's ghost (novice HOFi)
  3160 | D:5      | Found a runed translucent door.
  3335 | D:5      | XOM: give mutations
  3335 | D:5      | Lost mutation: You have a pair of small horns on your head.
                  | [Xom's mischief]
  3335 | D:5      | Lost mutation: You are agile. (Dex +2) [Xom's mischief]
  3335 | D:5      | Gained mutation: You are clumsy. (Dex -2) [Xom's mischief]
  3335 | D:5      | Gained mutation: You are dopey. (Int -2) [Xom's mischief]
  3344 | D:5      | Reached skill level 10 in Unarmed Combat
  3501 | D:5      | XOM: enchant monster (bad)
  3554 | D:5      | XOM: god gift: 14 sling bullets
  3677 | D:5      | XOM: divination: detect items
  3681 | D:5      | Killed Argetlam's ghost
  3682 | D:5      | Reached skill level 5 in Evocations
  3682 | D:5      | Reached XP level 9. HP: 64/80 MP: 8/8
  3741 | D:6      | Found a sand-covered staircase.
  3748 | Ossuary  | Entered an ossuary
  3816 | Ossuary  | Reached skill level 11 in Unarmed Combat
  4062 | D:6      | XOM: confusion (+ monsters)
  4224 | D:6      | XOM: polymorph gnoll sergeant -> hog
  4238 | D:6      | XOM: fog
  4498 | D:6      | XOM: noise
  4657 | D:7      | XOM: give mutations
  4657 | D:7      | Lost mutation: You are clumsy. (Dex -2) [Xom's grace]
  4657 | D:7      | Gained mutation: Your system is resistant to poisons.
                  | (rPois) [Xom's grace]
  4657 | D:7      | Gained mutation: You have sharp toenails. [Xom's grace]
  4937 | D:7      | Found a staircase to the Ecumenical Temple.
  4960 | D:7      | Reached skill level 12 in Unarmed Combat
  4972 | D:7      | Reached skill level 6 in Evocations
  5006 | D:7      | XOM: divination: magic mapping
  5084 | D:7      | XOM: smoke on damage
  5097 | D:7      | XOM: 2-stop teleportation journey
  5207 | D:7      | XOM: cast spell 'Cause Fear'
  5221 | D:7      | Reached XP level 10. HP: 87/88 MP: 9/9
  5520 | D:7      | Identified 2 potions of resistance
  5600 | D:8      | XOM: polymorph centaur -> hornet
  5785 | D:8      | XOM: divination: detect items
  5992 | D:8      | XOM: god gift: staff of fire
  6005 | D:8      | XOM: scenery: create altars
  6076 | D:8      | Found a shimmering blue altar of Sif Muna.
  6191 | D:8      | Found a shadowy altar of Dithmenos.
  6394 | D:8      | XOM: divination: detect items
  6467 | D:9      | Found a staircase to the Lair.
  6472 | D:9      | XOM: enchant monster (good)
  6477 | D:9      | Reached skill level 7 in Evocations
  6478 | D:9      | XOM: confuse monster(s)
  6561 | D:9      | XOM: cleaving
  6562 | D:9      | XOM: cleaving
  6576 | D:9      | XOM: summons friendly hellwing
  6584 | D:9      | Reached skill level 13 in Unarmed Combat
  7014 | D:9      | Found a broken altar of Ashenzari.
  7020 | D:9      | Found a sparkling altar of Nemelex Xobeh.
  7044 | D:9      | XOM: summons friendly white imp
  7062 | D:9      | XOM: divination: detect items
  7256 | D:9      | Found Waish's Lightly-Used Armoury.
  7297 | D:9      | XOM: god gift: scythe {god gift}
  7389 | Lair:1   | Entered Level 1 of the Lair of Beasts
  7474 | Lair:1   | Reached XP level 11. HP: 94/94 MP: 10/10
  7516 | Lair:1   | Reached skill level 8 in Evocations
  7563 | Lair:1   | XOM: 3-stop teleportation journey
  7584 | Lair:1   | Noticed Erica
  7592 | Lair:1   | Killed Erica
  7607 | Lair:1   | XOM: confusion (+ monsters)
  7612 | Lair:1   | XOM: noise
  7707 | D:9      | Acquired a manual of Conjurations
  7709 | D:9      | Acquired a manual of Dodging
  7711 | D:9      | Acquired 670 gold pieces
  7733 | D:10     | Entered Level 10 of the Dungeon
  7908 | Lair:1   | Reached skill level 2 in Dodging
  8005 | Lair:1   | XOM: god gift: potion of invisibility
  8592 | Lair:2   | XOM: polymorph water moccasin -> steam dragon
  8599 | Lair:2   | Reached skill level 3 in Dodging
  8602 | Lair:2   | XOM: summons friendly white imp
  8606 | Lair:2   | Reached skill level 14 in Unarmed Combat
  8726 | Lair:2   | Reached skill level 4 in Dodging
  8900 | Lair:2   | Reached skill level 9 in Evocations
  9028 | Lair:2   | Found a hole to the Spider Nest.
  9035 | Lair:2   | Reached skill level 5 in Dodging
  9598 | Lair:3   | You fall into a shaft and drop 3 floors!
  9598 | Lair:6   | Entered Level 6 of the Lair of Beasts
  9598 | Lair:6   | Noticed a death yak
  9598 | Lair:6   | Noticed a death yak
  9598 | Lair:6   | Noticed a death yak
  9598 | Lair:6   | Noticed a death yak
  9599 | Lair:6   | Noticed a death yak
  9602 | Lair:6   | XOM: divination: detect items
  9605 | Lair:6   | XOM: potion effect (haste)
  9633 | Lair:6   | XOM: 1-stop teleportation journey
  9728 | Lair:6   | XOM: polymorph cane toad -> frilled lizard
  9776 | Lair:6   | Noticed a death yak
  9776 | Lair:6   | XOM: 1-stop teleportation journey
  9777 | Lair:6   | Noticed a death yak
  9777 | Lair:6   | Noticed a death yak
  9784 | Lair:6   | XOM: summons 5 friendly demons
  9799 | Lair:6   | Reached skill level 6 in Dodging
  9799 | Lair:6   | Killed a death yak
  9800 | Lair:6   | Reached XP level 12. HP: 104/104 MP: 11/11
  9800 | Lair:6   | Killed a death yak
  9806 | Lair:6   | Killed a death yak
  9807 | Lair:6   | Noticed a death yak
  9809 | Lair:6   | Reached skill level 7 in Dodging
  9814 | Lair:6   | Noticed a death yak
  9817 | Lair:6   | Killed a death yak
  9821 | Lair:6   | Killed a death yak
  9937 | Lair:5   | Noticed a boulder beetle
  9949 | Lair:5   | Killed a boulder beetle
  9950 | Lair:5   | Reached skill level 8 in Dodging
  9950 | Lair:5   | Reached skill level 15 in Unarmed Combat
  9961 | Lair:5   | XOM: cast spell 'Call Canine Familiar'
  9980 | Lair:5   | Reached skill level 10 in Evocations
  9983 | Lair:5   | XOM: noise
  9994 | Lair:5   | Noticed an eight-headed hydra
 10003 | Lair:5   | Killed an eight-headed hydra
 10059 | Lair:5   | Noticed a six-headed hydra
 10062 | Lair:5   | Killed a six-headed hydra
 10063 | Lair:5   | Reached skill level 9 in Dodging
 10076 | Lair:5   | Found a viscous altar of Jiyva.
 10077 | Lair:5   | Found a staircase to the Slime Pits.
 10129 | Lair:5   | Noticed a death yak
 10129 | Lair:5   | Noticed a death yak
 10132 | Lair:5   | XOM: confuse monster(s)
 10132 | Lair:5   | Noticed a death yak
 10171 | Lair:5   | Found a gate leading to a gauntlet.
 10174 | Lair:5   | XOM: scenery: create altars
 10178 | Gauntlet | Entered a Gauntlet
 10178 | Gauntlet | Found a transporter.
 10183 | Gauntlet | Found a transporter.
 10189 | Gauntlet | Found a transporter.
 10192 | Gauntlet | Found a transporter.
 10210 | Gauntlet | Found a transporter.
 10226 | Gauntlet | Found a transporter.
 10230 | Gauntlet | Found a transporter.
 10246 | Gauntlet | Found a transporter.
 10247 | Gauntlet | Found a runed translucent door.
 10258 | Gauntlet | Found a transporter.
 10262 | Gauntlet | Found a transporter.
 10279 | Gauntlet | Found a transporter.
 10305 | Gauntlet | Found a transporter.
 10309 | Gauntlet | Found the +0 pair of fencer's gloves {Riposte Dex+3}
 10419 | Gauntlet | Found a runed translucent door.
 10468 | Gauntlet | Identified the +9 shortbow of Sajor {venom, rPois Will-
                  | Str+3}
 10488 | Gauntlet | XOM: scenery: create altars
 10502 | Gauntlet | XOM: divination: magic mapping
 10552 | Gauntlet | Noticed a minotaur
 10570 | Gauntlet | XOM: cleaving
 10580 | Gauntlet | Got the Handbook of Changing
 10622 | Lair:5   | XOM: cleaving
 10623 | Lair:5   | XOM: polymorph blink frog -> shapeshifter
 10627 | Lair:5   | XOM: scenery: create altars
 10629 | Lair:5   | XOM: cleaving
 10630 | Lair:5   | XOM: polymorph blink frog -> shapeshifter
 10700 | Lair:5   | Noticed a seven-headed hydra
 10705 | Lair:5   | XOM: enchant monster (good)
 10717 | Lair:4   | XOM: scenery: summon butterflies
 10719 | Lair:4   | XOM: butterfly on damage
 10721 | Lair:4   | Reached XP level 13. HP: 82/110 MP: 12/12
 10999 | Lair:4   | XOM: enchant monster (good)
 11001 | Lair:4   | Reached skill level 10 in Dodging
 11422 | Lair:4   | Found a staircase to the Shoals.
 11557 | Lair:4   | XOM: god gift: whip {god gift}
 11735 | Lair:3   | XOM: scenery: summon butterflies
 11758 | Lair:3   | XOM: god gift: Xom's Tome of the Thirsty Visions {god gift}
 11759 | Lair:3   | Got Xom's Tome of the Thirsty Visions {god gift}
 11819 | Lair:3   | XOM: divination: magic mapping
 11842 | Lair:3   | XOM: 9-stop teleportation journey
 11957 | Lair:3   | XOM: give mutations
 11957 | Lair:3   | Gained mutation: You have razor-sharp toenails. [Xom's
                  | grace]
 11957 | Lair:3   | Gained mutation: You are partially covered in iridescent
                  | scales. (AC +2) [Xom's grace]
 12121 | Lair:3   | XOM: scenery: create altars
 12157 | Lair:3   | XOM: cleaving
 12295 | Lair:3   | Reached skill level 11 in Dodging
 12295 | Lair:3   | Reached skill level 16 in Unarmed Combat
 12818 | Lair:5   | Reached skill level 11 in Evocations
 12921 | Lair:5   | XOM: 3-stop teleportation journey
 12968 | Lair:5   | XOM: scenery: summon butterflies
 12979 | Lair:5   | XOM: summons 4 friendly demons
 13011 | Lair:5   | XOM: confuse monster(s)
 13017 | Lair:5   | XOM: enchant monster (good)
 13138 | Lair:5   | XOM: scenery: 1 doors open
 13535 | Lair:6   | HP: 1/110 [death yak (47)]
 13537 | Lair:6   | XOM: polymorph water moccasin -> steam dragon
 13542 | Lair:6   | Annihilated by a death yak

Vanquished Creatures
  2 boulder beetles
  Erica (Lair:1)
  2 hydras (Lair:5)
  12 death yaks
  A wretched star (Gauntlet)
  The ghost of Argetlam the Chopper, a novice HOFi of Dithmenos (D:5)
  Pikel (D:4)
  8 elephants
  4 black mambas
  A black mamba (shapeshifter) (Lair:5)
  2 torpor snails
  9 cane toads
  4 rime drakes
  7 komodo dragons
  A jumping spider (Lair:2)
  Grinder (D:3)
  5 blink frogs
  A polar bear (Lair:5)
  A hornet (D:8)
  3 dream sheep (Lair:3)
  4 wyverns
  29 yaks
  2 wraiths (D:9)
  Eustachio (D:4)
  A basilisk (shapeshifter) (Lair:5)
  3 basilisks
  A steam dragon (Lair:2)
  A hog (D:5)
  A neqoxec (Gauntlet)
  Menkaure (D:4)
  3 wargs (D:9)
  21 water moccasins
  A sky beast (D:5)
  4 black bears
  An ogre (D:6)
  2 orc warriors (D:9)
  An ice beast (D:8)
  24 wolves
  2 centaurs
  A small abomination (Gauntlet)
  7 bullfrogs
  A kobold brigand (D:8)
  Blork the orc (D:5)
  A gnoll sergeant (D:8)
  3 scorpions
  5 water moccasin zombies (Ossuary)
  A water moccasin skeleton (D:5)
  2 killer bees (D:9)
  14 wights
  2 howler monkeys
  A centaur zombie (D:9)
  3 centaur skeletons
  6 hounds
  7 orc priests
  4 gnoll shamans
  A bullfrog skeleton (D:7)
  Ijyb (D:3)
  6 iguanas
  7 orc wizards
  2 mummies (Ossuary)
  2 howler monkey zombies
  25 gnolls
  A howler monkey skeleton (D:7)
  3 adders
  2 shadow imps
  4 ufetubi
  6 adder zombies (Ossuary)
  A dart slug (D:4)
  20 orcs
  5 ball pythons
  3 bats
  10 endoplasms
  7 giant cockroaches
  5 hobgoblins
  9 kobolds
  2 quokkas
  2 frilled lizards
  A gnoll zombie (Ossuary)
  4 goblins
  5 hobgoblin zombies (Ossuary)
  5 kobold zombies (Ossuary)
  6 orc zombies (Ossuary)
  4 rats
378 creatures vanquished.

Vanquished Creatures (collateral kills)
  A hydra (Lair:5)
  A komodo dragon (Lair:5)
  2 yaks (D:9)
  A wolf (Lair:2)
  A killer bee (D:9)
  A gnoll (D:5)
7 creatures vanquished.

Vanquished Creatures (others)
  A gnoll (D:2)
  43 fungi
  42 plants
86 creatures vanquished.

Grand Total: 471 creatures vanquished

Table legend: (Time is in decaauts)
 A = Elapsed time spent in this place.
 B = Non-inter-level travel time spent in this place.
 C = Inter-level travel time spent in this place.
 D = Time resting spent in this place.
 E = Time spent auto-exploring this place.
 F = Levels seen in this place.
 G = Mean time per level.
                   A        B        C        D        E       F      G
               +--------+--------+--------+--------+--------+-----+--------+
         Total |  13282 |  12787 |    495 |    451 |   9561 |  18 |  737.9 |
       Dungeon |   7173 |   6872 |    301 |    182 |   5337 |  10 |  717.3 |
          Lair |   5557 |   5364 |    193 |    242 |   4029 |   6 |  926.2 |
       Ossuary |    153 |    153 |      0 |      0 |     73 |   1 |  153.0 |
      Gauntlet |    398 |    398 |      0 |     27 |    122 |   1 |  398.0 |
               +--------+--------+--------+--------+--------+-----+--------+

Top non-repeatable levels by time:
  Lair:5: 1219 daAuts
     D:5: 1147 daAuts
  Lair:2: 1130 daAuts
     D:9: 1014 daAuts
  Lair:4: 988 daAuts
  Lair:1: 957 daAuts
  Lair:3: 919 daAuts
     D:7: 877 daAuts
     D:4: 869 daAuts
     D:8: 852 daAuts
     D:6: 718 daAuts
     D:1: 624 daAuts
     D:2: 580 daAuts
     D:3: 488 daAuts
Gauntlet: 398 daAuts

Table legend:
 A = Non-vault XP
 B = Vault XP
 C = Vault XP percentage of total XP
 D = Non-vault monster count
 E = Vault monster count
 F = Vault count percentage of total count
                 A         B        C        D         E       F
            +---------+---------+-------+---------+---------+-------
      Total |   46298 |   11148 |  19.4 |     297 |      88 |  22.9
            +---------+---------+-------+---------+---------+-------
        D:1 |      26 |       2 |   7.1 |      15 |       1 |   6.2
        D:2 |      40 |       0 |   0.0 |      13 |       0 |   0.0
        D:3 |     103 |     324 |  75.9 |      15 |       2 |  11.8
        D:4 |     198 |     970 |  83.0 |      18 |       3 |  14.3
        D:5 |    1217 |     719 |  37.1 |      27 |       2 |   6.9
        D:6 |     938 |       0 |   0.0 |      30 |       0 |   0.0
        D:7 |     849 |     207 |  19.6 |      20 |       3 |  13.0
        D:8 |    1641 |       0 |   0.0 |      21 |       0 |   0.0
        D:9 |    2264 |     642 |  22.1 |      25 |       9 |  26.5
     Lair:1 |    3510 |     960 |  21.5 |      20 |       1 |   4.8
     Lair:2 |    1281 |    3531 |  73.4 |       6 |      25 |  80.6
     Lair:3 |    8608 |       0 |   0.0 |      32 |       0 |   0.0
     Lair:4 |    6285 |       0 |   0.0 |      16 |       0 |   0.0
     Lair:5 |   11616 |     521 |   4.3 |      25 |       2 |   7.4
     Lair:6 |    7722 |    1735 |  18.3 |      14 |       7 |  33.3
    Ossuary |       0 |     488 | 100.0 |       0 |      30 | 100.0
   Gauntlet |       0 |    1049 | 100.0 |       0 |       3 | 100.0
            +---------+---------+-------+---------+---------+-------
